 Dungeon Crawl Stone Soup version 0.27-a0-1200-g94dc6ad4cf (webtiles) character file.

Game seed: 6791994825005331400

11397 lightspider the Fighter (level 11, -8/101 HPs)
             Began as a Hill Orc Fighter on June 2, 2021.
             Was a Believer of Beogh.
             Mangled by a titanic slime creature (78 damage)
             ... on level 12 of the Dungeon.
             The game lasted 00:43:17 (15486 turns).

lightspider the Fighter (Hill Orc Fighter)         Turns: 15486, Time: 00:43:18

Health: -8/101     AC: 18    Str: 23    XL:     11   Next: 77%
Magic:  0/14       EV:  6    Int:  8    God:    Beogh [**....]
Gold:   613        SH: 12    Dex: 10    Spells: 10/10 levels left

rFire    . . .     SeeInvis .   y - +0 long sword (distort)
rCold    . . .     Faith    .   c - +0 kite shield
rNeg     . . .     Spirit   +   z - +1 plate armour
rPois    .         Reflect  .   (no helmet)
rElec    .         Harm     .   k - +0 cloak
rCorr    .         Rampage  .   (no gloves)
Will     +....                  u - +0 pair of boots
Stlth    ..........             h - amulet of guardian spirit
HPRegen  0.26/turn              (no ring)
MPRegen  0.14/turn              (no ring)

@: no status effects
A: strong-willed 1, MP-powered wands
a: Renounce Religion, Smiting


You were on level 12 of the Dungeon.
You worshipped Beogh.
Beogh was pleased with you.
You visited 3 branches of the dungeon, and saw 15 of its levels.
You also visited: Bailey.

You collected 613 gold pieces.

Inventory:

Hand Weapons
 a - a +2 long sword of electrocution
 y - a +0 long sword of distortion (weapon)
Missiles
 e - 111 poisoned darts
 n - 8 javelins
 v - 5 throwing nets
 A - 169 arrows
 D - 33 bolts
 M - a curare-tipped dart
Armour
 b - a +0 scale mail
 c - a +0 kite shield (worn)
 k - a +0 cloak (worn)
 u - a +0 pair of boots (worn)
 x - a +0 chain mail
 z - a +1 plate armour (worn)
Magical Staves
 C - a staff of earth
Jewellery
 h - an amulet of guardian spirit (around neck)
 J - an amulet of magic regeneration
 L - a ring of fire
 P - a ring of ice
 U - the ring "Gabi" {Str+2 SInv}
   (You found it on level 12 of the Dungeon)

   [ring of see invisible]

   It affects your strength (+2).
   It lets you see invisible.
Wands
 q - a wand of flame (11)
 r - a wand of iceblast (3) (quivered)
 K - a wand of charming (11)
 Q - a wand of polymorph (9)
 S - a wand of paralysis (7)
Scrolls
 d - 4 scrolls of amnesia
 o - a scroll of brand weapon
 p - 2 scrolls of holy word
 B - 4 scrolls of teleportation
 R - a scroll of identify
 T - a scroll of enchant armour
Potions
 f - 3 potions of brilliance
 g - 4 potions of curing
 i - a potion of haste
 j - 2 potions of flight
 l - 2 potions of cancellation
 m - 3 potions of might
 s - a potion of degeneration
 t - a potion of ambrosia
 w - 6 potions of heal wounds
 E - a potion of mutation
 F - 3 potions of lignification
 G - 4 potions of magic
 H - a potion of experience {unknown}
 I - a potion of berserk rage {unknown}
 N - a potion of attraction {unknown}
 O - 2 potions of resistance {unknown}


   Skills:
 + Level 10.6 Fighting
 + Level 9.3 Long Blades
 - Level 4.2 Throwing
 + Level 9.7 Armour
 + Level 9.5 Shields
 + Level 5.2 Invocations
 + Level 4.7 Evocations


You had 10 spell levels left.
You didn't know any spells.
Your spell library contained the following spells:

 Spells                   Type           Power      Damage    Failure   Level
 Animate Skeleton         Necr           0%         N/A       100%        1
 Pain                     Necr           0%         1d4       100%        1
 Sandblast                Erth           0%         2d4       100%        1
 Summon Small Mammal      Summ           0%         N/A       100%        1
 Call Imp                 Summ           0%         N/A       100%        2
 Ensorcelled Hibernation  Hex/Ice        0%         N/A       100%        2
 Passwall                 Tmut/Erth      0%         N/A       100%        2
 Call Canine Familiar     Summ           0%         N/A       100%        3
 Frozen Ramparts          Ice            0%         1d2       100%        3
 Stone Arrow              Conj/Erth      0%         3d7       100%        3
 Summon Guardian Golem    Hex/Summ       0%         N/A       100%        3
 Vampiric Draining        Necr           0%         2d6       100%        3
 Animate Dead             Necr           0%         N/A       100%        4
 Cause Fear               Hex            0%         N/A       100%        4
 Dispel Undead            Necr           0%         3d6       100%        4
 Petrify                  Tmut/Erth      0%         N/A       100%        4
 Summon Ice Beast         Ice/Summ       0%         N/A       100%        4
 Summon Lightning Spire   Summ/Air       0%         N/A       100%        4
 Agony                    Necr           0%         N/A       100%        5
 Lee's Rapid Deconstruct  Erth           0%         3d5*      100%        5
 Silence                  Hex/Air        0%         N/A       100%        5
 Yara's Violent Unravell  Hex/Tmut       0%         3d3       100%        5
 Death Channel            Necr           0%         N/A       100%        6
 Discord                  Hex            0%         N/A       100%        8


Dungeon Overview and Level Annotations

Branches:
Dungeon (13/15)            Temple (1/1) D:6            Lair (0/6) D:10
    Orc (1/2) D:9          Bailey (visited)
 Vaults: D:13-14

Altars:
Ashenzari
Cheibriados
Dithmenos
Elyvilon
Fedhas
Gozag
Hepliaklqana
Kikubaaqudgha
Makhleb
Nemelex Xobeh
Okawaru
Qazlal
Ru
Sif Muna
Trog
Uskayaw
Vehumet
Wu Jian
Xom
Yredelemnul
Zin
The Shining One

Shops:
D:1 :   D:11 (   Orc:1 =

Annotations:
D:3 1 runed translucent door, Crazy Yiuf
D:8 exclusions: ice statue and obsidian statue


Innate Abilities, Weirdness & Mutations

You are strong-willed. (Will+)
You expend magic power (3 MP) to strengthen your wands.


Message History

A slime creature comes into view.
Found a vibrating lead ring.
There is a stone staircase leading down here.
Something hits you.
Deactivating autopickup; reactivate with Ctrl-A.
Something hits you but does no damage. Something hits you.
You see here the ring "Gabi" {Str+2 SInv}.
U - the ring "Gabi" {Str+2 SInv} Something hits you but does no damage.
A yak comes into view.
Something hits you but does no damage. Something hits you but does no damage.
Something hits you but does no damage.
You open the door. Something hits you but does no damage.
The slime creature hits you. Something hits you but does no damage.
There is an open door here.
Two slime creatures merge to form a large slime creature.
Okay, then.
You slash the large slime creature!
Space bends around the large slime creature.
The large slime creature is lightly wounded.
Two slime creatures merge to form a very large slime creature.
You hit the very large slime creature.
Space warps horribly around the very large slime creature!!
The very large slime creature is moderately wounded.
Two slime creatures merge to form an enormous slime creature.
You slash the enormous slime creature!
Space warps horribly around the enormous slime creature!!
The enormous slime creature is moderately wounded.
The enormous slime creature hits you!!!
Ouch! That really hurt!
* * * LOW HITPOINT WARNING * * *
Two slime creatures merge to form a titanic slime creature.
You hear a bellow! x3
You feel much better.
You feel much better. The titanic slime creature hits you!!!!
Ouch! That really hurt!
You die...

#########+###
#..........^#
#...........#
#....>......#####
#..........{J@..#
#...........#####
#...........#
+...........#
#...........#
#...#########
#Y## ..


You could see a titanic slime creature.

Vanquished Creatures
  A centaur warrior (D:10)
  2 two-headed ogres (D:10)
  An orc knight (Bailey)
  A manticore (D:11)
  A cyclops (D:7)
  A hornet (D:10)
  Grinder (D:3)
  Sigmund (D:5)
  A wraith (D:10)
  A wyvern (D:9)
  10 yaks
  2 steam dragons
  A vampire mosquito (D:11)
  An acid dragon (D:11)
  2 water moccasins
  3 orc warriors
  Duvessa (D:5)
  A hornet zombie (D:6)
  5 black bears
  4 centaurs
  A kobold brigand (D:10)
  3 gnoll sergeants
  2 bullfrogs (D:8)
  2 elf skeletons (D:8)
  3 scorpions
  A wyvern skeleton (D:7)
  Dowan (D:5)
  A wight (D:3)
  12 killer bees
  3 howler monkeys (D:9)
  3 centaur zombies
  A bullfrog zombie (D:7)
  A jelly (D:4)
  A centaur skeleton (D:7)
  3 hounds
  2 orc priests (D:11)
  2 bullfrog skeletons (D:6)
  A gnoll shaman (D:7)
  Jessica (D:3)
  3 human skeletons (D:8)
  2 iguanas (D:5)
  9 orc wizards
  Ijyb (D:3)
  2 killer bee zombies
  2 howler monkey zombies
  A howler monkey skeleton (D:4)
  38 gnolls
  11 adders
  A shadow imp (D:8)
  2 white imps (D:6)
  2 ufetubi
  An adder skeleton (D:4)
  A worm (D:4)
  2 dart slugs
  32 orcs
  7 endoplasms
  3 giant cockroaches
  10 goblins
  22 hobgoblins
  10 jackals
  5 quokkas
  2 ball pythons
  A bat (D:3)
  A frilled lizard (D:3)
  17 kobolds
  An orc skeleton (D:8)
  2 rats
276 creatures vanquished.

Vanquished Creatures (collateral kills)
  A killer bee (D:11)
1 creature vanquished.

Vanquished Creatures (others)
  A vampire mosquito (D:11)
  An orc wizard (D:9)
  Natasha (D:3)
3 creatures vanquished.

Grand Total: 280 creatures vanquished

Notes
Turn   | Place    | Note
-------+----------+-------------------------------------------
     0 | D:1      | lightspider the Hill Orc Fighter began the quest for the
                  | Orb.
     0 | D:1      | Reached XP level 1. HP: 19/19 MP: 1/1
   310 | D:1      | Reached skill level 4 in Fighting
   328 | D:1      | Reached XP level 2. HP: 27/27 MP: 2/2
   378 | D:1      | Found Caivam's Book Shop.
   417 | D:1      | Found a faded altar of an unknown god.
  1181 | D:2      | Reached XP level 3. HP: 33/33 MP: 3/3
  1317 | D:2      | Found a white marble altar of Elyvilon.
  2061 | D:3      | Noticed Grinder
  2238 | D:3      | Reached XP level 4. HP: 41/41 MP: 4/4
  2649 | D:3      | Noticed Jessica
  2658 | D:3      | Killed Jessica
  2659 | D:3      | Reached XP level 5. HP: 47/47 MP: 5/5
  2977 | D:3      | Noticed Ijyb
  2993 | D:3      | Killed Ijyb
  2994 | D:3      | Reached skill level 5 in Fighting
  3289 | D:3      | Noticed Natasha
  3302 | D:3      | Killed Natasha
  3484 | D:3      | Paralysed by Grinder for 5 turns
  3521 | D:3      | Killed Grinder
  3522 | D:3      | Reached XP level 6. HP: 26/56 MP: 3/6
  3722 | D:3      | Found a runed translucent door.
  3724 | D:3      | Noticed Crazy Yiuf
  4376 | D:4      | Reached skill level 5 in Armour
  4376 | D:4      | Reached XP level 7. HP: 44/57 MP: 7/7
  4378 | D:4      | Reached skill level 5 in Shields
  4447 | D:4      | Found an iron altar of Okawaru.
  4760 | D:4      | Found a hazy altar of Hepliaklqana.
  4760 | D:4      | Found a broken altar of Ashenzari.
  4761 | D:4      | Found an iron altar of Okawaru.
  4793 | D:4      | Reached skill level 6 in Fighting
  5165 | D:4      | Found an ancient bone altar of Kikubaaqudgha.
  5167 | D:4      | Found a stormy altar of Qazlal.
  5605 | D:5      | Entered Level 5 of the Dungeon
  5630 | D:5      | Reached skill level 5 in Long Blades
  5651 | D:5      | Reached XP level 8. HP: 69/71 MP: 6/8
  5745 | D:5      | Noticed Sigmund
  5770 | D:5      | Killed Sigmund
  6157 | D:5      | Reached skill level 7 in Fighting
  6157 | D:5      | Reached skill level 1 in Throwing
  6309 | D:5      | Noticed Dowan
  6309 | D:5      | Noticed Duvessa
  6313 | D:5      | Killed Dowan
  6316 | D:5      | Killed Duvessa
  6985 | D:6      | Reached XP level 9. HP: 62/79 MP: 6/9
  7278 | D:6      | Found a staircase to the Ecumenical Temple.
  7355 | Temple   | Entered the Ecumenical Temple
  7842 | D:6      | Found a sacrificial altar of Ru.
  8541 | D:6      | Found a shimmering altar of Xom.
  8620 | D:7      | Reached skill level 8 in Fighting
  8740 | D:7      | Noticed a cyclops
  8751 | D:7      | Killed a cyclops
  9470 | D:7      | Reached XP level 10. HP: 61/90 MP: 7/10
 10359 | D:8      | Became a worshipper of Beogh the Brigand
 10368 | D:8      | Found a flagged portal.
 10379 | Bailey   | Entered a bailey
 10463 | Bailey   | Reached skill level 9 in Fighting
 10501 | Bailey   | Noticed an orc knight
 10530 | Bailey   | Reached * piety under Beogh
 10580 | Bailey   | Killed an orc knight
 10581 | Bailey   | Reached skill level 1 in Evocations
 11050 | D:8      | Noticed an ice statue
 11185 | D:8      | Noticed an obsidian statue
 11194 | D:8      | Noticed an orange demon
 12675 | D:9      | Reached ** piety under Beogh
 12890 | D:9      | Found a staircase to the Orcish Mines.
 12935 | D:9      | Gained mutation: You are dopey. (Int -2) [potion of
                  | mutation]
 12935 | D:9      | Gained mutation: You have sharp toenails. [potion of
                  | mutation]
 12936 | D:9      | Lost mutation: You are dopey. (Int -2) [potion of mutation]
 12936 | D:9      | Lost mutation: You have sharp toenails. [potion of
                  | mutation]
 12936 | D:9      | Gained mutation: You are weak. (Str -2) [potion of
                  | mutation]
 12936 | D:9      | Gained mutation: Your movements are slightly less
                  | encumbered by armour. (ER -2) [potion of mutation]
 12937 | D:9      | Lost mutation: Your movements are slightly less encumbered
                  | by armour. (ER -2) [potion of mutation]
 12937 | D:9      | Lost mutation: You are weak. (Str -2) [potion of mutation]
 12937 | D:9      | Gained mutation: You are strong-willed. (Will+) [potion of
                  | mutation]
 12937 | D:9      | Gained mutation: You expend magic power (3 MP) to
                  | strengthen your wands. [potion of mutation]
 12971 | Orc:1    | Entered Level 1 of the Orcish Mines
 12971 | Orc:1    | Found Yffob's Jewellery Shop.
 12971 | Orc:1    | Noticed an orc sorcerer
 13055 | D:10     | Entered Level 10 of the Dungeon
 13060 | D:10     | Found a hide-covered altar of Uskayaw.
 13075 | D:10     | Reached skill level 1 in Invocations
 13185 | D:10     | Found an opulent altar of Gozag.
 13410 | D:10     | Noticed a centaur warrior
 13417 | D:10     | Killed a centaur warrior
 13519 | D:10     | Reached XP level 11. HP: 94/99 MP: 10/12
 13538 | D:10     | Found a staircase to the Lair.
 13684 | D:9      | Reached skill level 10 in Fighting
 14116 | D:10     | Found a glowing silver altar of Zin.
 14284 | D:10     | Identified the Reference Book on Darkness and the Glacier
 14780 | D:11     | Noticed a two-headed ogre
 14856 | D:10     | Killed a two-headed ogre
 14904 | D:11     | Noticed a two-headed ogre
 14912 | D:10     | Killed a two-headed ogre
 15103 | D:11     | Found Taobid's Antique Weapon Emporium.
 15204 | D:11     | Reached skill level 5 in Invocations
 15217 | D:11     | Reached *** piety under Beogh
 15255 | D:11     | Noticed a manticore
 15276 | D:11     | Killed a manticore
 15453 | D:11     | You fall into a shaft and drop 2 floors!
 15465 | D:13     | Noticed a cyclops
 15474 | D:12     | Identified the ring "Gabi" {Str+2 SInv}
 15486 | D:12     | Mangled by a titanic slime creature

Illustrated notes

Levels and vault maps discovered:
D:1:      psy_arrival_heroes, layout_basic, hellmonk_ecumenical_altar_run_dry,
          serial_shops, shop
D:2:      layout_basic, basic_altar
D:3:      layout_loops_ring, uniq_grinder, uniq_ijyb, uniq_crazy_yiuf_cottage,
          uniq_jessica, uniq_natasha
D:4:      layout_loops_ring, nicolae_overflow_hidden_temple,
          minmay_ruined_shrine
D:5:      layout_layer_cave, uniq_duvessa, uniq_sigmund
D:6:      layout_rooms, kennysheep_little_box, nicolae_ru_awakened_eye,
          minmay_temple_entry_junction, minmay_pentangle
D:7:      layout_loops_corners
D:8:      minmay_separated_statues, layout_gridville, enter_bailey_5,
          nicolae_ossuary_entry_catacombs
D:9:      layout_basic, hiddenorc1_lemuel
D:10:     minmay_general_purpose_star, layout_cross, lemuel_round_altar,
          zin_statuary, nicolae_uskayaw_murder_on_the_dancefloor,
          lair_entry_dummy, eino_jars
D:11:     layout_loops_ring, serial_shops, nicolae_shop_window_shopping,
          nicolae_shop_waterfront, special_room [special_room_orc]
D:12:     layout_roguey, kennysheep_flooded_box, einodemon_barbed_minivault
D:13:     layout_layer_cave, lightli_vaults_fourway_checkpoint,
          ebering_ghost_funeral_grove, uniq_jorgrun
Temple:   minmay_temple_forest_path
Orc:1:    layout_caves, basic_altar, serial_shops, nicolae_shop_behind_doors,
          shop_coins, uniq_erolcha

Skill      XL: |  1  2  3  4  5  6  7  8  9 10 11 |
---------------+----------------------------------+-----
Fighting       | 4 5 6 7 8 9 10 | 10.6
Long Blades    | 3 4 5 6 7 8 9 |  9.3
Armour         | 4 5 6 7 8 9 |  9.7
Shields        | 4 5 6 7 8 9 |  9.5
Throwing       | 2 4 |  4.2
Evocations     | 3 4 |  4.7
Invocations    | 2 5 |  5.2

Action                   |  1- 3 |  4- 6 |  7- 9 | 10-12 || total
-------------------------+-------+-------+-------+-------++-------
Melee: Long sword        |    95 |   103 |   341 |   483 ||  1022
Throw: Dart              |       |    12 |     2 |       ||    14
       Throwing net      |       |     2 |     1 |       ||     3
Invok: Convert to Beogh  |       |       |       |     1 ||     1
Evoke: Wand              |       |       |    12 |    10 ||    22
  Use: Potion            |       |     2 |       |    10 ||    12
       Scroll            |       |     7 |     6 |     9 ||    22
Armor: Scale mail        |    38 |    42 |    55 |       ||   135
       Plate armour      |       |       |   146 |   303 ||   449
       Chain mail        |       |       |     8 |       ||     8
Dodge: Dodged            |    37 |    35 |    94 |   112 ||   278
Block: Kite shield       |    38 |    51 |   219 |   316 ||   624
       Rpst.: Long sword |     9 |    11 |    25 |    26 ||    71

Table legend: (Time is in decaauts)
 A = Elapsed time spent in this place.
 B = Non-inter-level travel time spent in this place.
 C = Inter-level travel time spent in this place.
 D = Time resting spent in this place.
 E = Time spent auto-exploring this place.
 F = Levels seen in this place.
 G = Mean time per level.
                   A        B        C        D        E       F      G
               +--------+--------+--------+--------+--------+-----+--------+
         Total |  15759 |  15155 |    604 |   3861 |   8106 |  16 |  984.9 |
       Dungeon |  14704 |  14143 |    561 |   3607 |   7545 |  13 | 1131.1 |
        Temple |    454 |    411 |     43 |      0 |    409 |   1 |  454.0 |
  Orcish Mines |      1 |      1 |      0 |      0 |      0 |   1 |    1.0 |
        Bailey |    598 |    598 |      0 |    254 |    152 |   1 |  598.0 |
               +--------+--------+--------+--------+--------+-----+--------+

Top non-repeatable levels by time:
     D:3: 2211 daAuts
     D:7: 1708 daAuts
    D:10: 1512 daAuts
     D:5: 1374 daAuts
     D:9: 1360 daAuts
     D:4: 1296 daAuts
     D:2: 1227 daAuts
     D:6: 1205 daAuts
     D:1: 1014 daAuts
     D:8: 917 daAuts
    D:11: 842 daAuts
  Bailey: 598 daAuts
  Temple: 454 daAuts
    D:13: 17 daAuts
    D:12: 14 daAuts
